 Dungeon Crawl Stone Soup version 0.27-a0-1202-ge72e49191c (webtiles) character file.

Game seed: 13118904882186409451

96 27snakeeyes612 the Skirmisher (level 4, -1/42 HPs)
             Began as a Naga Fighter on June 4, 2021.
             Slain by a river rat (8 damage)
             ... on level 3 of the Dungeon.
             The game lasted 00:01:44 (2663 turns).

27snakeeyes612 the Skirmisher (Naga Fighter)        Turns: 2663, Time: 00:01:44

Health: -1/42      AC:  5    Str: 20    XL:     4   Next: 67%
Magic:  4/4        EV:  5    Int:  8    God:
Gold:   23         SH:  9    Dex: 10    Spells: 3/3 levels left

rFire    . . .     SeeInvis +   l - +3 hand axe
rCold    . . .     Faith    .   c - +0 kite shield
rNeg     . . .     Spirit   .   b - +0 scale mail
rPois    +         Reflect  .   (no helmet)
rElec    .         Harm     .   (no cloak)
rCorr    .         Rampage  .   (no gloves)
Will     .....                  (no barding)
Stlth    ..........             (no amulet)
HPRegen  0.14/turn              (no ring)
MPRegen  0.09/turn              (no ring)

@: very slow
A: AC +1, large, see invisible, deformed body, poison resistance, slowness 2,
spit poison 1, naga tail 1
a: Spit Poison


You were on level 3 of the Dungeon.
You visited 1 branch of the dungeon, and saw 3 of its levels.

You collected 23 gold pieces.

Inventory:

Hand Weapons
 a - a +0 war axe
 l - a +3 hand axe (weapon)
Armour
 b - a +0 scale mail (worn)
 c - a +0 kite shield (worn)
Scrolls
 e - 5 scrolls of identify {unknown}
 g - a scroll of teleportation {unknown}
 j - a scroll of immolation {unknown}
Potions
 d - a potion of might
 f - a potion of haste {unknown}
 h - 2 potions of lignification {unknown}
 i - 2 potions of curing
 k - a potion of invisibility


   Skills:
 + Level 3.3 Fighting
 + Level 3.2 Axes
 + Level 3.1 Armour
 + Level 0.3 Dodging
 + Level 1.0 Stealth
 + Level 2.8 Shields


You had 3 spell levels left.
You didn't know any spells.
Your spell library contained the following spells:

 Spells                   Type           Power      Damage    Failure   Level
 Beastly Appendage        Tmut           0%         N/A       99%         1
 Foxfire                  Conj/Fire      0%         2x1d4     99%         1
 Sandblast                Erth           0%         2d4       99%         1
 Shock                    Conj/Air       0%         1d3       99%         1
 Passwall                 Tmut/Erth      0%         N/A       100%        2
 Static Discharge         Conj/Air       0%         N/A       100%        2
 Wereblood                Tmut           0%         N/A       100%        2
 Conjure Flame            Conj/Fire      0%         6-21      100%        3
 Inner Flame              Hex/Fire       0%         N/A       100%        3
 Spider Form              Tmut/Pois      0%         N/A       100%        3
 Stone Arrow              Conj/Erth      0%         3d7       100%        3
 Swiftness                Air            0%         N/A       100%        3
 Airstrike                Air            0%         N/A       100%        4
 Ice Form                 Ice/Tmut       0%         N/A       100%        4
 Petrify                  Tmut/Erth      0%         N/A       100%        4
 Sticky Flame             Conj/Fire      0%         2d3       100%        4
 Fireball                 Conj/Fire      0%         3d3       100%        5
 Hydra Form               Tmut           0%         N/A       100%        5
 Lee's Rapid Deconstruct  Erth           0%         3d5*      100%        5
 Lightning Bolt           Conj/Air       0%         1d11      100%        5


Dungeon Overview and Level Annotations

Branches:
Dungeon (3/15)

Altars:


Innate Abilities, Weirdness & Mutations

Your serpentine skin is tough. (AC +1)
You have supernaturally acute eyesight. (SInv)
Armour fits poorly on your strangely shaped body.
Your system is resistant to poisons. (rPois)
You cover ground very slowly.
You can spit poison.
You have a snake-like lower body.


Message History

You barely miss the worm.
The worm is moderately wounded.
The worm bites you but does no damage.
You hit the worm.
The worm is moderately wounded.
A rat comes into view.
The worm bites you!
You hit the worm.
The worm is heavily wounded.
Your shield prevents you from hitting the worm.
The worm is heavily wounded.
You block the worm's attack.
You slash the worm!
The worm is severely wounded.
You block the worm's attack.
You barely miss the worm.
The worm is severely wounded.
You block the worm's attack.
You slash the worm!
You kill the worm!
You hit the goblin.
The goblin is moderately wounded.
You block the goblin's attack. The goblin hits you but does no damage.
You slash the goblin!
You kill the goblin!
The river rat bites you.
You hit the river rat but do no damage. The river rat bites you.
You closely miss the river rat. You block the river rat's attack.
You closely miss the river rat. The river rat bites you.
* * * LOW HITPOINT WARNING * * *
The river rat bites you.
* * * LOW HITPOINT WARNING * * *
You hit the river rat.
The river rat is lightly wounded.
You block the river rat's attack.
Your scale mail prevents you from hitting the river rat.
The river rat is lightly wounded.
The river rat bites you but does no damage.
The river rat bites you!
You die...

######## #......#
#......##
#.......############
########†.....$.@rr.......
..>.....##########≈†...###
######### #≈≈≈..# #≈#....#
#≈≈≈...# #r#≈...# #≈≈
≈.... #≈# ....#


You could see a river rat and a rat.

Vanquished Creatures
  2 adders (D:3)
  2 river rats (D:3)
  2 worms
  3 dart slugs (D:1)
  An orc (D:2)
  3 bats
  2 endoplasms (D:2)
  3 giant cockroaches (D:2)
  5 goblins
  2 hobgoblins
  2 jackals (D:1)
  6 ball pythons
  3 frilled lizards
  7 kobolds
  6 rats
49 creatures vanquished.

Notes
Turn   | Place    | Note
-------+----------+-------------------------------------------
     0 | D:1      | 27snakeeyes612 the Naga Fighter began the quest for the
                  | Orb.
     0 | D:1      | Reached XP level 1. HP: 21/21 MP: 1/1
    27 | D:1      | HP: 1/21 [jackal (2)]
   370 | D:1      | Reached XP level 2. HP: 28/28 MP: 2/2
  1183 | D:1      | Reached XP level 3. HP: 14/34 MP: 3/3
  1860 | D:2      | Found a faded altar of an unknown god.
  2560 | D:2      | Reached skill level 1 in Stealth
  2593 | D:3      | Reached XP level 4. HP: 42/42 MP: 4/4
  2663 | D:3      | Slain by a river rat

Illustrated notes

Levels and vault maps discovered:
D:1:      minmay_arrival_hallway, layout_basic, minmay_misc_feat_ornament
D:2:      layout_basic, hellmonk_ecumenical_altar_leap_of_faith, serial_curves,
          eino_curves_02, eino_curves_04, due_unseen_surprise
D:3:      layout_rooms, lightli_sewer_entry_pipes, minmay_shallow_snake_nest

Skill      XL: |  1  2  3  4 |
---------------+-------------+-----
Stealth        | 1 |  1.0
Axes           | 3 |  3.2
Armour         | 3 |  3.1
Fighting       | |  3.3
Dodging        | |  0.3
Shields        | |  2.8

Action                   |  1- 3 |  4- 6 || total
-------------------------+-------+-------++-------
Melee: War axe           |   120 |       ||   120
       Hand axe          |     3 |    36 ||    39
  Use: Potion            |       |     1 ||     1
Armor: Scale mail        |    66 |    18 ||    84
Dodge: Dodged            |    35 |    14 ||    49
Block: Kite shield       |    62 |    13 ||    75

Table legend: (Time is in decaauts)
 A = Elapsed time spent in this place.
 B = Non-inter-level travel time spent in this place.
 C = Inter-level travel time spent in this place.
 D = Time resting spent in this place.
 E = Time spent auto-exploring this place.
 F = Levels seen in this place.
 G = Mean time per level.
                   A        B        C        D        E       F      G
               +--------+--------+--------+--------+--------+-----+--------+
         Total |   3240 |   3164 |     76 |     22 |   2724 |   3 | 1080.0 |
       Dungeon |   3240 |   3164 |     76 |     22 |   2724 |   3 | 1080.0 |
               +--------+--------+--------+--------+--------+-----+--------+

Top non-repeatable levels by time:
     D:1: 2032 daAuts
     D:2: 1104 daAuts
     D:3: 104 daAuts
